AoeStats
← lamanito6

Nomad

507100093Analyzed
4v4 RM · 17d ago on Sep 16, 2026· 47m 17s· 8 players
Game mode
Random Map
Map size
231×231
Population
200
Speed
Normal
Resources
Standard
Victory
Conquest
Starting age
Dark Age
Ending age
Imperial Age
RankedLock teamsTeams togetherTeam positionsShared explorationLock speedFull tech treeHidden civsTurbo modeCheats
Victory
Defeat
🇩🇪 Dravidians · Germany
1323
+10
🇮🇳 Persians · India
1217
+14
🇭🇷 Burgundians · Croatia
1045
+21
🇭🇷 Vikings · Croatia
1043
+21
🇩🇪 Magyars · Germany
1186
-17
🇪🇸 Chinese · Spain
1178
-17
🇲🇽 Saracens · Mexico
1164
-16
🇩🇪 Portuguese · Germany
1157
-16
Brüno
10:22 Wheelbarrow
11:10 Double-Bit Axe
16:28 Feudal Age
17:11 Loom
17:47 Bow Saw
21:16 Castle Age
19:50 Horse Collar
23:02 Heavy Plow
23:18 Cavalier
25:41 Scale Barding Armor
27:03 Husbandry
28:11 Chain Barding Armor
28:35 Forging
28:49 Heavy Plow
31:14 Iron Casting
34:41 Fletching
39:38 Imperial Age
39:43 Paladin
42:18 Plate Barding Armor
45:54 Blast Furnace
KitKat
12:18 Feudal Age
13:02 Double-Bit Axe
14:09 Loom
18:11 Castle Age
21:52 Wheelbarrow
20:58 Horse Collar
21:32 Bow Saw
21:30 Fishing Lines
22:03 Medium Warships
23:12 Hand Cart
22:59 Heavy Plow
22:57 Gold Mining
24:53 Town Watch
28:11 Fletching
28:45 Stone Mining
29:02 Elite Skirmisher
30:52 Thumb Ring
33:51 Imperial Age
31:34 Padded Archer Armor
32:25 Ballistics
32:46 Bodkin Arrow
33:06 Leather Archer Armor
33:53 Scale Mail Armor
34:59 Bracer
36:08 Chemistry
35:30 Pikeman
37:41 Ring Archer Armor
38:21 Town Patrol
43:09 Conscription
45:22 Chain Mail Armor
46:08 Forging
46:56 Halberdier
47:39 Squires
48:11 Plate Mail Armor
roko
5:41 Loom
14:48 Feudal Age
19:07 Castle Age
17:15 Double-Bit Axe
18:48 Forging
18:55 Gold Mining
20:09 Bow Saw
21:43 Gold Shaft Mining
21:48 Medium Warships
24:29 Fishing Lines
25:53 Gillnets
31:26 Imperial Age
28:51 Stone Mining
29:59 Elite Skirmisher
32:04 Horse Collar
32:21 Fletching
33:47 Ballistics
36:03 Bodkin Arrow
36:08 Padded Archer Armor
40:18 Two-Man Saw
39:20 Heavy Plow
42:55 Bracer
43:42 Pikeman
43:43 Man-at-Arms
The OG PinkMan
4:17 Loom
14:33 Feudal Age
15:34 Double-Bit Axe
19:09 Castle Age
17:40 Fishing Lines
20:05 Bow Saw
20:13 Horse Collar
20:29 Gillnets
24:13 Heavy Plow
31:07 Imperial Age
29:57 Wheelbarrow
29:15 Gold Mining
29:36 Scale Barding Armor
30:48 Forging
31:04 Chain Barding Armor
31:14 Husbandry
31:25 Bloodlines
30:37 Light Cavalry
32:02 Gold Shaft Mining
31:26 Stone Mining
31:52 Elite War Elephant
33:13 Conscription
35:52 Iron Casting
35:54 Plate Barding Armor
34:43 Hussar
36:29 Crop Rotation
36:54 Heavy Camel Rider
38:37 Blast Furnace
dinbsty ascenci
4:26 Loom
14:07 Feudal Age
15:03 Double-Bit Axe
20:38 Castle Age
18:49 Stone Mining
19:03 Gold Mining
18:56 Horse Collar
19:55 Fletching
21:23 Bodkin Arrow
21:48 Medium Warships
22:12 Bow Saw
22:10 Heavy Plow
22:20 Fishing Lines
25:27 Ballistics
25:50 Wheelbarrow
29:30 Gold Shaft Mining
34:15 Scale Barding Armor
35:35 Forging
37:26 Iron Casting
38:31 Hand Cart
38:37 Murder Holes
39:18 Chain Barding Armor
Pinselchen
13:28 Feudal Age
14:01 Double-Bit Axe
14:19 Loom
15:39 Fishing Lines
20:21 Castle Age
21:34 Medium Warships
21:28 Fletching
21:53 Bow Saw
21:35 Gold Mining
22:55 Gillnets
24:10 Horse Collar
25:27 Stone Mining
28:55 Wheelbarrow
30:40 Hand Cart
31:19 Heavy Plow
31:49 Scale Mail Armor
36:28 Imperial Age
34:18 Forging
33:31 Pikeman
33:58 Arson
36:41 Chain Mail Armor
37:05 Town Watch
37:43 Conscription
36:51 Halberdier
38:03 Plate Mail Armor
37:40 Elite Organ Gun
39:48 Chemistry
38:45 Bodkin Arrow
38:51 Padded Archer Armor
40:29 Two-Man Saw
40:49 Thumb Ring
40:49 Bracer
41:05 Leather Archer Armor
41:13 Ballistics
40:34 Treadmill Crane
41:32 Crop Rotation
43:20 Ring Archer Armor
43:16 Bombard Tower
lamanito6
4:45 Loom
14:58 Feudal Age
16:06 Double-Bit Axe
18:13 Fishing Lines
24:27 Castle Age
22:34 Gold Mining
22:36 Stone Mining
25:24 Medium Warships
24:39 Demolition Ship
30:06 Fletching
30:16 Padded Archer Armor
30:42 Bodkin Arrow
31:42 Leather Archer Armor
32:28 Ballistics
38:29 Imperial Age
41:04 Elite Chu Ko Nu
41:30 Capped Ram
47:32 Bracer
Cube_F22
5:41 Loom
14:04 Feudal Age
19:51 Castle Age
18:20 Horse Collar
19:35 Double-Bit Axe
20:47 Bow Saw
23:43 Fletching
23:59 Husbandry
26:07 Bodkin Arrow
28:43 Padded Archer Armor
28:54 Bloodlines
30:39 Ballistics
31:08 Heavy Plow
34:30 Leather Archer Armor
39:11 Imperial Age
36:43 Light Cavalry
37:45 Thumb Ring
39:10 Wheelbarrow
41:23 Parthian Tactics
40:18 Heavy Cavalry Archer
40:59 Bracer
41:30 Ring Archer Armor
43:57 Two-Man Saw
43:27 Crop Rotation
43:20 Conscription
43:20 Recurve Bow
43:08 Pikeman
43:50 Scale Mail Armor
44:01 Hussar
44:52 Scale Barding Armor
44:35 Halberdier
45:31 Chain Mail Armor
47:10 Chain Barding Armor
47:07 Treadmill Crane
47:38 Masonry
Connection lost

Rejoining the realm…

Still unreachable

The connection could not be restored.

Session expired

The server has moved on; the page needs a fresh start.